Map: Newkirk Precinct TE (Void)

Players

Loken - Winner!

  • Race: Zerg Zerg
  • League: Platinum
  • Spawn Location: 7:00

dallaskuken

  • Race: Protoss Protoss
  • League: Platinum
  • Spawn Location: 5:00

VOD

Have the link to the VOD?

Description

Time

  • Played on: April 12, 2017, 4:29 p.m.
  • Length: 11:14
Show
View Real Time Build Order
Export as new Build Order

Loken Zerg - Winner!

Build Orders: Pool First 

Get SALT Encoding   

  12  0:02  Drone  
  13  0:09  Drone  
  14  0:18  Overlord  
  14  0:38  Drone x3  
  17  0:57  Drone  
  17  1:00  Spawning Pool  
  17  1:14  Hatchery  
  17  1:16  Drone  
  17  1:20  Extractor  
  17  1:21  Drone  
  17  1:24  Drone  
  18  1:32  Drone  
  19  1:44  Drone  
  20  1:50  Queen  
  22  2:00  Overlord  
  22  2:25  Hatchery  
  21  2:32  Metabolic Boost  
  22  2:37  Drone x4  
  22  2:41  Queen  
  27  2:44  Drone  
  28  2:58  Zergling x4  
  30  3:01  Drone x3  
  33  3:32  Overlord x3  
  33  3:38  Zergling x12  
  33  3:39  Queen  
  41  3:50  Queen  
  41  3:53  Spore Crawler  
  41  4:09  Drone x3  
  48  4:10  Drone x5  
  49  4:24  Queen  
  51  4:38  Zergling x8  
  52  4:39  Zergling x10  
  60  4:55  Drone x6  
  66  5:00  Lair  
  66  5:39  Overlord x3  
  66  5:40  Overlord x2  
  66  5:45  Extractor  
  66  5:48  Extractor  
  64  5:50  Extractor  
  64  5:52  Drone  
  64  5:53  Drone x2  
  66  6:04  Zergling x16  
  67  6:05  Zergling x6  
  67  6:09  Overseer  
  67  6:10  Overseer  
  77  6:18  Hydralisk Den  
  77  6:22  Infestation Pit  
  75  6:27  Evolution Chamber x2  
  75  6:28  Evolution Chamber  
  75  6:31  Zergling x2  
  75  6:32  Zergling x16  
  81  7:03  Muscular Augments  
  81  7:05  Hive  
  81  7:13  Drone x6  
  87  7:27  Hydralisk  
  87  7:28  Hydralisk x3  
  96  7:37  Drone x9  
  104  7:50  Hydralisk  
  106  7:53  Overlord  
  106  7:54  Overlord x2  
  106  7:55  Overlord x3  
  106  8:15  Hydralisk  
  106  8:16  Hydralisk x7  
  122  8:37  Hydralisk x5  
  90  9:12  Zergling x2  
  90  9:13  Zergling x44  
  107  9:27  Zergling x2  
  107  9:28  Zergling x4  
  110  9:36  Adrenal Glands  
  110  9:57  Hatchery  
  110  9:58  Hatchery  
  108  10:05  Pneumatized Carapace  
  89  10:43  Zergling x2  
  89  10:44  Zergling x36  
  89  10:45  Zergling x16  
Show
View Real Time Build Order
Export as new Build Order

dallaskuken Protoss 

Build Orders:  

Get SALT Encoding   

  12  0:01  Probe (Chrono Boost)  
  13  0:11  Probe (Chrono Boost)  
  14  0:21  Pylon  
  14  0:24  Probe (Chrono Boost)  
  15  0:40  Probe (Chrono Boost)  
  16  0:45  Gateway  
  16  0:50  Probe (Chrono Boost)  
  16  0:53  Assimilator  
  17  1:00  Assimilator  
  17  1:01  Probe (Chrono Boost)  
  18  1:11  Probe (Chrono Boost)  
  19  1:22  Probe (Chrono Boost)  
  20  1:32  Probe (Chrono Boost)  
  21  1:35  Cybernetics Core  
  21  1:37  Zealot  
  23  1:50  Pylon  
  23  2:03  Pylon  
  23  2:08  Probe (Chrono Boost)  
  24  2:11  Warp Gate  
  24  2:18  Adept  
  24  2:19  Mothership Core (Chrono Boost)  
  28  2:37  Probe (Chrono Boost)  
  28  2:42  Nexus  
  29  2:55  Stalker  
  31  3:01  Probe (Chrono Boost)  
  32  3:12  Probe (Chrono Boost)  
  33  3:20  Robotics Facility  
  33  3:36  Gateway  
  33  3:39  Gateway  
  33  3:45  Adept  
  33  3:48  Probe (Chrono Boost)  
  36  3:58  Probe (Chrono Boost)  
  37  4:08  Pylon  
  37  4:12  Probe (Chrono Boost)  
  38  4:23  Probe x2 (Chrono Boost)  
  40  4:32  Gateway  
  40  4:33  Probe (Chrono Boost)  
  40  4:34  Probe (Chrono Boost)  
  42  4:44  Probe (Chrono Boost), Immortal  
  42  4:45  Probe (Chrono Boost)  
  48  4:53  Gateway  
  48  4:54  Probe (Chrono Boost)  
  48  4:55  Probe (Chrono Boost)  
  48  4:57  Assimilator  
  50  5:03  Pylon  
  50  5:05  Gateway, Probe (Chrono Boost)  
  51  5:11  Adept x2  
  55  5:23  Probe (Chrono Boost)  
  56  5:29  Pylon  
  56  5:30  Adept  
  56  5:31  Adept  
  56  5:34  Probe (Chrono Boost)  
  61  5:41  Twilight Council  
  61  5:43  Sentry x2  
  61  5:44  Probe (Chrono Boost)  
  61  5:49  Pylon  
  66  5:55  Probe (Chrono Boost)  
  67  6:00  Assimilator  
  67  6:02  Stalker x3  
  73  6:12  Forge  
  73  6:21  Zealot x3  
  79  6:26  Immortal  
  79  6:31  Protoss Ground Weapons Level 1  
  79  6:32  Blink  
  83  6:33  Probe (Chrono Boost)  
  83  6:35  Stalker  
  86  6:44  Pylon  
  86  6:45  Pylon  
  86  7:06  Stalker x2  
  86  7:07  Stalker x2  
  94  7:27  Observer  
  95  7:43  Adept x3  
  101  7:48  Nexus  
  101  7:51  Pylon  
  101  7:52  Pylon  
  101  7:53  Pylon x2  
  101  8:13  Protoss Ground Weapons Level 2  
  101  8:14  Stalker x3  
  101  8:15  Stalker x2  
  111  8:20  Resonating Glaives  
  111  8:49  Immortal  
  63  9:16  Stalker  
  50  9:17  Stalker x5  
  50  9:21  Probe (Chrono Boost)  
  59  9:27  Warp Prism  
  61  9:32  Probe (Chrono Boost)  
  62  9:42  Probe (Chrono Boost)  
  63  9:45  Adept x3  
  63  9:46  Adept x3  
  75  9:53  Probe (Chrono Boost)  
  76  10:03  Probe (Chrono Boost)  
  76  10:14  Probe (Chrono Boost)  
  76  10:16  Sentry x2  
  76  10:17  Stalker  
  76  10:18  Stalker x3  
  31  10:48  Stalker x2  
  31  10:49  Stalker  
Tags
 
Add a new tag
Caveats
  • Supply blocks, unpowered buildings, or Contaminate may cause inaccurate times.
  • Supply counts are checked every 10 seconds.